 Dungeon Crawl Stone Soup version 0.30-a0-509-gd016549fea (webtiles) character file.

Game seed: 14015199805086678054

459 xzight the Firebug (level 6, 0/34 HPs)
             Began as a Deep Elf Fire Elementalist on Dec 22, 2022.
             Was an Initiate of Ashenzari.
             Killed by divine providence
             ... invoked by an orc priest
              (12 damage)
             ... on level 5 of the Dungeon.
             The game lasted 00:06:03 (4594 turns).

xzight the Firebug (Deep Elf Fire Elementalist)     Turns: 4594, Time: 00:06:03

Health: 0/34       AC:  4    Str:  3 (5)  XL:     6   Next: 78%
Magic:  24/24      EV: 17    Int: 19 (22) God:    Ashenzari [......]
Gold:   293        SH:  0    Dex: 12 (15) Spells: 11/14 levels left

rFire   . . .      SeeInvis .    c - staff of air {!a}
rCold   . . .      Faith    .    (no shield)
rNeg    . . .      Spirit   .    a - +0 robe
rPois   .          Reflect  .    (no helmet)
rElec   +          Harm     .    (no cloak)
rCorr   .          Rampage  .    j - +0 pair of gloves
Will    .....                    A - +1 pair of boots
Stlth   ++........               w - amulet of regeneration
HPRegen 1.05/turn                E - +4 ring of evasion
MPRegen 0.19/turn                M - ring of magical power

@: mighty, attractive, hasted, very quick
A: deformed body
a: Renounce Religion


You were on level 5 of the Dungeon.
You worshipped Ashenzari.
Ashenzari was noncommittal.
You visited 1 branch of the dungeon, and saw 5 of its levels.

You collected 293 gold pieces.


Innate Abilities, Weirdness & Mutations

Armour fits poorly on your strangely shaped body.


   Skills:
 + Level 1.2 Fighting
 + Level 4.3 Dodging
 - Level 2.4 Stealth
 + Level 4.9 Spellcasting
 + Level 3.3 Conjurations
 * Level 5.8 Fire Magic


You had 11 spell levels left.
You knew the following spells:

 Your Spells              Type           Power      Damage    Failure   Level
a - Foxfire               Conj/Fire      88%        2x1d8     1%          1
b - Scorch                Fire           52%        2d7       1%          2

Your spell library contained the following spells:

 Spells                   Type           Power      Damage    Failure   Level
 Inner Flame              Hex/Fire       15%        N/A       12%         3
 Kindle Blastsparks       Fire/Tloc/Air  36%        2d13      17%         3
 Sublimation of Blood     Necr           4%         N/A       19%         2
 Flame Wave               Conj/Fire      22%        2d8       19%         4
 Petrify                  Tmut/Erth      4%         N/A       77%         4
 Irradiate                Conj/Tmut      5%         3d13      87%         5

Inventory:

Armour
 a - a +0 robe (worn)
 j - a +0 pair of gloves (worn)
 A - a +1 pair of boots (worn)
Magical Staves
 c - a staff of air (weapon) {!a}
Jewellery
 w - an amulet of regeneration (around neck)
 E - a +4 ring of evasion (left hand)
 M - a ring of magical power (right hand)
Wands
 u - a wand of iceblast (14)
Scrolls
 d - 2 scrolls of magic mapping {unknown}
 f - 2 scrolls of teleportation {@r2}
 k - 6 scrolls of identify {unknown}
 o - a scroll of amnesia {unknown}
 q - a scroll of acquirement {unknown}
 r - a scroll of silence {unknown}
 s - a scroll of vulnerability {unknown}
 t - a scroll of brand weapon {unknown}
 v - 3 scrolls of enchant weapon {unknown}
 x - 2 scrolls of blinking {unknown}
 y - a scroll of noise {unknown}
 z - a scroll of immolation {unknown}
Potions
 e - a potion of heal wounds {unknown}
 g - 3 potions of attraction
 h - a potion of might
 i - a potion of curing {@q1}
 l - 2 potions of mutation
 m - a potion of ambrosia {unknown}
 n - a potion of degeneration
 p - a potion of haste {@q3}

Dungeon Overview and Level Annotations

Branches:
Dungeon (5/15)
 Temple: D:4-7

Altars:
Ashenzari

Annotations:
D:5 Sigmund

##+####+####
#..........#
#####..........#
#..............#
#..............##
#......§o.......#
#...§o§§Jo.@....#
#..o§##########.#
####..§.#####...
!...............
......§§§.....##
#.##....§#######.
#.......§........
#......#.######.
#.....?<...#


You could see a jelly, an orc priest and an orc.


Message History

The orc priest calls down the wrath of Beogh upon you.
Pain shoots through your body!
* * * LOW HITPOINT WARNING * * *
Sigmund closely misses you. Sigmund is attracted toward you.
The orc priest is attracted toward you. The orc is attracted toward you.
It was a potion of degeneration.
There was something very wrong with that liquid.
You feel weakened.
You feel dopey.
You feel clumsy.
The orc priest invokes the aid of Beogh against you.
Beogh smites you!
* * * LOW HITPOINT WARNING * * *
A jelly comes into view.
The jelly is attracted toward you.
It was a potion of might.
You feel very mighty all of a sudden. Sigmund misses you.
The jelly is attracted toward you.
The jelly quivers.
The orc priest miscasts a cantrip.
The jelly is attracted toward you. The orc priest is attracted toward you.
The orc is attracted toward you. The jelly is attracted toward you.
The orc throws a poisoned dart.
The poisoned dart barely misses you. The orc is attracted toward you.
The jelly is attracted toward you. The orc priest is attracted toward you.
The orc priest is attracted toward you. The orc is attracted toward you.
The jelly is attracted toward you. The orc priest is attracted toward you.
The orc priest is attracted toward you.
The orc priest mumbles some strange prayers to Beogh against you.
Beogh smites you!
You die...

Skill      XL: |  1  2  3  4  5  6 |
---------------+-------------------+-----
Fire Magic     | 4 5 |  5.8
Dodging        | 3 4 |  4.3
Conjurations   | 2 3 |  3.3
Spellcasting   | 4 |  4.9
Fighting       | 1 |  1.2
Stealth        | |  2.4

Action                   |  1- 3 |  4- 6 || total
-------------------------+-------+-------++-------
 Cast: Foxfire           |    71 |    99 ||   170
       Scorch            |     5 |    22 ||    27
  Use: Scroll            |     1 |       ||     1
       Potion            |       |     7 ||     7
Armor: Robe              |     5 |     5 ||    10
Dodge: Dodged            |    12 |    33 ||    45

Levels and vault maps discovered:
D:1:      dpeg_arrival_rooms_with_view, layout_rooms
D:2:      layout_basic, shapermc_ecumenical_altar_mp_highgroup,
          minmay_strange_pillars, uniq_jessica
D:3:      layout_loops_corners, roderic_batcave, chequers_decorated_corner
D:4:      layout_loops_ring, mainiacjoe_overflow_small_starburst,
          wad_rectangle_vault
D:5:      minmay_spotlight, layout_basic, minmay_temple_entry_drinking_statues,
          uniq_sigmund, uniq_pikel

Notes
Turn   | Place    | Note
-------+----------+-------------------------------------------
     0 | D:1      | xzight the Deep Elf Fire Elementalist began the quest for
                  | the Orb.
     0 | D:1      | Reached XP level 1. HP: 10/10 MP: 6/6
    95 | D:1      | Reached XP level 2. HP: 15/15 MP: 2/8
   173 | D:1      | Learned a level 2 spell: Scorch
   464 | D:1      | Reached XP level 3. HP: 19/19 MP: 6/9
   917 | D:2      | Reached skill level 4 in Fire Magic
   983 | D:2      | Reached skill level 3 in Dodging
  1216 | D:2      | Reached skill level 2 in Conjurations
  1398 | D:2      | Noticed Jessica
  1399 | D:2      | Killed Jessica
  1400 | D:2      | Reached XP level 4. HP: 24/24 MP: 8/11
  1592 | D:2      | Found a faded altar of an unknown god.
  2763 | D:3      | Reached skill level 4 in Spellcasting
  2836 | D:3      | Reached XP level 5. HP: 28/28 MP: 9/13
  3523 | D:4      | Reached skill level 5 in Fire Magic
  4199 | D:4      | Found a broken altar of Ashenzari.
  4216 | D:4      | Became a worshipper of Ashenzari the Shackled
  4291 | D:5      | Entered Level 5 of the Dungeon
  4320 | D:4      | Reached skill level 4 in Dodging
  4320 | D:4      | Reached XP level 6. HP: 28/33 MP: 14/14
  4390 | D:5      | Noticed an ice beast
  4395 | D:5      | Killed an ice beast
  4396 | D:5      | Reached skill level 1 in Fighting
  4396 | D:5      | Reached skill level 3 in Conjurations
  4400 | D:5      | Noticed Sigmund
  4573 | D:5      | HP: 1/34 [orc priest/divine providence (14)]
  4576 | D:5      | Gained mutation: Armour fits poorly on your strangely
                  | shaped body. [potion of mutation]
  4594 | D:5      | Killed from afar by an orc priest

Vanquished Creatures
  An ice beast (D:5)
  A vampire bat (D:3)
  3 hounds
  3 orc priests
  Jessica (D:2)
  4 adders
  2 dart slugs
  6 orcs
  11 bats
  7 endoplasms
  3 giant cockroaches
  7 goblins
  11 hobgoblins
  4 jackals (D:1)
  5 quokkas
  7 ball pythons
  3 frilled lizards
  6 kobolds
  A rat (D:1)
86 creatures vanquished.

Vanquished Creatures (collateral kills)
  A foxfire (D:1)
1 creature vanquished.

Vanquished Creatures (others)
  288 foxfires
288 creatures vanquished.

Grand Total: 375 creatures vanquished

Table legend: (Time is in decaauts)
 A = Elapsed time spent in this place.
 B = Non-inter-level travel time spent in this place.
 C = Inter-level travel time spent in this place.
 D = Time resting spent in this place.
 E = Time spent auto-exploring this place.
 F = Levels seen in this place.
 G = Mean time per level.
                   A        B        C        D        E       F      G
               +--------+--------+--------+--------+--------+-----+--------+
         Total |   4587 |   4398 |    189 |    297 |   3437 |   5 |  917.4 |
       Dungeon |   4587 |   4398 |    189 |    297 |   3437 |   5 |  917.4 |
               +--------+--------+--------+--------+--------+-----+--------+

Top non-repeatable levels by time:
     D:3: 1364 daAuts
     D:4: 1251 daAuts
     D:2: 1000 daAuts
     D:1: 876 daAuts
     D:5: 94 daAuts

Table legend:
 A = Non-vault XP
 B = Vault XP
 C = Vault XP percentage of total XP
 D = Non-vault monster count
 E = Vault monster count
 F = Vault count percentage of total count
                 A         B        C        D         E       F
            +---------+---------+-------+---------+---------+-------
      Total |     488 |     169 |  25.7 |      69 |      17 |  19.8
            +---------+---------+-------+---------+---------+-------
        D:1 |      47 |       3 |   6.0 |      27 |       2 |   6.9
        D:2 |      34 |      37 |  52.1 |      12 |       1 |   7.7
        D:3 |      46 |      62 |  57.4 |      13 |       8 |  38.1
        D:4 |     153 |      67 |  30.5 |      14 |       6 |  30.0
        D:5 |     208 |       0 |   0.0 |       3 |       0 |   0.0
            +---------+---------+-------+---------+---------+-------
